 Dungeon Crawl Stone Soup version 0.28.0-47-ge53b351184 (webtiles) character file.

Game seed: 8916522751820845066

112151 Kenran the Executioner (level 16, -5/226 HPs)
             Began as a Hill Orc Fighter on Apr 27, 2022.
             Was the Champion of Okawaru.
             Slain by a merfolk impaler
             ... wielding a +0 trident
              (18 damage)
             ... on level 1 of the Shoals on Apr 28, 2022.
             The game lasted 01:14:36 (37511 turns).

Kenran the Executioner (Hill Orc Fighter)          Turns: 37511, Time: 01:14:37

Health: -5/226     AC: 28    Str: 33    XL:     16   Next: 59%
Magic:  25/25      EV:  2    Int: 14    God:    Okawaru [******]
Gold:   1821       SH:  0    Dex: 10    Spells: 15/15 levels left

rFire   . . .      SeeInvis .   P - +4 executioner's axe (freeze)
rCold   + . .      Faith    .   (shield currently unavailable)
rNeg    . . .      Spirit   .   (armour currently unavailable)
rPois   +          Reflect  .   (helmet currently unavailable)
rElec   .          Harm     .   (cloak currently unavailable)
rCorr   .          Rampage  .   (gloves currently unavailable)
Will    +....      NoTele   +   (boots currently unavailable)
Stlth   +.........              (no amulet)
HPRegen 0.47/turn               s - ring "Fiskexa" {+Blink rC+ Int+6}
MPRegen 0.19/turn               y - +6 ring of strength

@: tree-form, marked, spiked, studying Dodging, very slow
A: stationary, stasis, torment immunity, boosted hp
a: Renounce Religion, Evoke Blink, Heroism, Finesse, Duel


You were on level 1 of the Shoals.
You worshipped Okawaru.
Okawaru was exalted by your worship.
You were a tree.
You visited 5 branches of the dungeon, and saw 25 of its levels.
You also visited: Ice Cave and Volcano.

You collected 2120 gold pieces.
You spent 299 gold pieces at shops.

Inventory:

Hand Weapons
 M - the +11 whip "Jobyler" {speed, Int+4 SInv}
   (You found it on level 5 of the Lair of Beasts)

   Attacks with this weapon are significantly faster.
   Int:       It affects your intelligence (+4).
   SInv:      It lets you see invisible.
 P - a +4 executioner's axe of freezing (weapon)
Missiles
 z - 3 throwing nets (quivered)
Armour
 k - a scarf of resistance (melded)
 E - the +1 pair of gloves of the Frog (melded) {rF+ Dex+4}
   (Okawaru gifted it to you on level 2 of the Lair of Beasts)

   Dex:       It affects your dexterity (+4).
   rF:        It protects you from fire.
 H - a +2 pair of boots (melded)
 I - the +1 helmet of Past Mistakes (melded) {Fly rF+}
   (Okawaru gifted it to you on level 3 of the Lair of Beasts)

   rF:        It protects you from fire.
   Fly:       It grants you flight.
 W - the +13 crystal plate armour of the Other Side (melded) {rN+ Will- Stlth+}
   (Okawaru gifted it to you on level 14 of the Dungeon)

   rN:        It protects you from negative energy.
   Will:      It decreases your willpower.
   Stlth:     It makes you more stealthy.
 Z - a +2 plate armour of positive energy
Jewellery
 b - a +4 ring of protection
 e - a ring of flight
 n - a ring of positive energy
 s - the ring "Fiskexa" (left branch) {+Blink rC+ Int+6}
   (You acquired it on level 1 of the Lair of Beasts)

   [ring of intelligence]

   Int:       It affects your intelligence (+6).
   rC:        It protects you from cold.
   +Blink:    It lets you blink.
 v - a ring of resist corrosion
 y - a +6 ring of strength (right branch)
 L - a ring of protection from fire
 N - the ring of Faosy {rElec rF++ Will- MP+9 Int+2}
   (You found it on level 7 of the Dungeon)

   [ring of magical power]

   Int:       It affects your intelligence (+2).
   rF:        It greatly protects you from fire.
   rElec:     It insulates you from electricity.
   MP:        It affects your magic capacity (+9).
   Will:      It decreases your willpower.
 Q - the ring "Ibaril" {rN+ Str+3}
   (You found it on level 6 of the Lair of Beasts)

   [ring of positive energy]

   Str:       It affects your strength (+3).
   rN:        It protects you from negative energy.
 V - a ring of wizardry
 X - a ring of protection from fire
 Y - a ring of protection from cold
Wands
 c - a wand of iceblast (8)
 f - a wand of flame (49)
 o - a wand of paralysis (9)
 u - a wand of polymorph (26)
 G - a wand of acid (7)
 K - a wand of digging (6)
 S - a wand of mindburst (4)
Scrolls
 g - a scroll of fear
 i - 11 scrolls of teleportation
 m - a scroll of identify
 r - 4 scrolls of blinking
 t - 4 scrolls of fog
 x - 4 scrolls of magic mapping
 A - 3 scrolls of amnesia
 C - 3 scrolls of enchant armour
Potions
 a - a potion of cancellation {unknown}
 d - 7 potions of flight
 h - a potion of ambrosia
 j - 10 potions of curing
 l - a potion of lignification
 p - 3 potions of berserk rage
 q - 2 potions of attraction
 w - 3 potions of heal wounds
 B - 2 potions of invisibility
 F - 4 potions of brilliance
 R - 3 potions of might
 T - 3 potions of mutation
 U - 2 potions of haste
Miscellaneous
 O - a lightning rod (4/4)


   Skills:
 - Level 16.0 Fighting
 + Level 21.1 Axes
 - Level 15.0 Armour
 - Level 9.5 Dodging
 - Level 5.0 Shields
 - Level 13.3 Invocations
 - Level 8.0 Evocations


You had 15 spell levels left.
You didn't know any spells.
Your spell library contained the following spells:

 Spells                   Type           Power      Damage    Failure   Level
 Shock                    Conj/Air       0%         1d3       28%         1
 Sting                    Tmut/Pois      0%         1d3       28%         1
 Ensorcelled Hibernation  Hex/Ice        0%         N/A       41%         2
 Passwall                 Tmut/Erth      0%         N/A       41%         2
 Poisonous Vapours        Pois/Air       0%         N/A       41%         2
 Confusing Touch          Hex            0%         N/A       65%         3
 Conjure Flame            Conj/Fire      0%         6-21      65%         3
 Gell's Gravitas          Tloc           0%         N/A       65%         3
 Ignite Poison            Fire/Tmut/Pois 0%         N/A       65%         3
 Lesser Beckoning         Tloc           0%         N/A       65%         3
 Spider Form              Tmut/Pois      0%         N/A       65%         3
 Swiftness                Air            0%         N/A       65%         3
 Teleport Other           Tloc           0%         N/A       65%         3
 Airstrike                Air            0%         N/A       96%         4
 Anguish                  Hex/Necr       0%         N/A       96%         4
 Olgreb's Toxic Radiance  Pois           0%         N/A       96%         4
 Petrify                  Tmut/Erth      0%         N/A       96%         4
 Sticky Flame             Conj/Fire      0%         2d3       96%         4
 Metabolic Englaciation   Hex/Ice        0%         N/A       100%        5
 Yara's Violent Unravell  Hex/Tmut       0%         3d3       100%        5
 Statue Form              Tmut/Erth      0%         N/A       100%        6
 Enfeeble                 Hex            0%         N/A       100%        7
 Tukima's Dance           Hex            Unusable   N/A       N/A         3

Dungeon Overview and Level Annotations

Branches:
Dungeon (15/15)            Temple (1/1) D:4            Lair (6/6) D:9
 Shoals (1/4) Lair:2        Snake (0/4) Lair:4        Slime (0/5) Lair:6
    Orc (2/2) D:10            Elf (0/3) Orc:2        Vaults (0/5) D:13
 Depths (0/4) D:15          IceCv (visited)         Volcano (visited)

Altars:
Ashenzari
Cheibriados
Dithmenos
Elyvilon
Fedhas
Gozag
Hepliaklqana
Kikubaaqudgha
Makhleb
Nemelex Xobeh
Okawaru
Qazlal
Ru
Sif Muna
Trog
Uskayaw
Vehumet
Wu Jian
Xom
Yredelemnul
Zin
The Shining One

Shops:
D:2 (   D:8 ?   D:10 *   D:15 (   Orc:2 ::[(?

Annotations:
D:5 exclusion: downstairs
Lair:3 exclusions: downstairs and oklob plant
Shoals:1 Roxanne


Message History

Okay, then.
Okay, then.
You slice the wind drake!! You freeze the wind drake.
The wind drake is severely wounded.
You slash the water elemental! You freeze the water elemental.
The water elemental hits you.
A manticore comes into view.
The wind drake bites you.
* * * LOW HITPOINT WARNING * * *
The snapping turtle bites you from afar!
* * * LOW HITPOINT WARNING * * *
Unknown command.
You closely miss the wind drake.
The wind drake is severely wounded.
You slice the water elemental!! You freeze the water elemental.
You destroy the water elemental!
Okawaru accepts your kill. The water engulfing you falls away.
The wind drake flaps its wings at you. The air twists around and strikes you.
A water elemental comes into view.
The manticore flicks its tail.
The volley of spikes hits you but does no damage.
Unknown command.
Unknown command.
You open the wind drake like a pillowcase!!!
You freeze the wind drake.
You kill the wind drake!
Okawaru accepts your kill.
You closely miss the merfolk aquamancer.
The snapping turtle barely misses you.
The merfolk aquamancer casts a spell at you.
The ball of steam hits you!!
* * * LOW HITPOINT WARNING * * *
The manticore flicks its tail.
The volley of spikes hits you.
The barbed spikes become lodged in your body.
* * * LOW HITPOINT WARNING * * *
The merfolk impaler hits you from afar with a +0 trident!!
You die...

≈≈≈≈≈≈≈≈≈≈≈≈≈≈....##..^......PP.
≈≈≈≈≈≈≈≈≈≈≈≈≈≈..#####.##....≈≈≈..
≈≈≈≈....≈≈≈≈≈≈..####.#####..P.P..
≈≈≈≈..##.≈≈≈≈..##........P.P≈.≈≈.
≈≈≈≈.####≈≈≈≈.####........≈.P.≈≈.
≈≈≈≈≈..#.)≈≈..# ##...≈≈......≈≈≈
≈≈≈≈≈≈≈..≈)≈≈#####..≈≈≈≈≈...≈.≈≈.
≈≈≈≈≈≈≈..≈≈≈≈.)§†≈≈≈≈≈≈≈≈≈≈≈≈≈...
≈≈≈≈≈≈≈≈≈≈≈≈≈≈(≈♣≈≈≈≈≈≈≈≈.>.≈.≈≈≈
≈≈≈≈≈≈≈≈≈≈≈≈≈≈.≈≈mt.≈≈≈≈......≈≈≈
≈≈≈≈≈≈≈≈≈≈..≈≈.##.m.≈≈≈≈..≈≈..≈≈≈
≈≈≈≈≈≈≈≈..(.≈≈H#(...≈......)..≈≈≈
≈≈≈≈≈≈≈..##≈≈≈....≈≈....##))....≈
≈≈≈≈≈≈≈..##≈≈≈...>≈≈≈E..#........
≈≈≈ ..≈≈≈≈....≈≈≈≈≈..≈......
.≈≈≈≈......≈.≈≈.≈≈≈.....
......##.....≈....≈≈≈


You could see a merfolk impaler, a merfolk aquamancer, a snapping turtle, a
manticore and a water elemental.

Vanquished Creatures
  Jorgrun (Orc:2)
  An orc warlord (Orc:1)
  A dire elephant (D:15)
  A red draconian (Volcano)
  Snorg (D:12)
  2 merfolk impalers (Shoals:1)
  Josephine (Lair:3)
  A great orb of eyes (D:15)
  Harold (D:7)
  2 boulder beetles
  10 hydras
  8 vault guards (D:13)
  6 centaur warriors
  A merfolk avatar (Lair:6)
  An ogre mage (D:14)
  Erica (Orc:1)
  10 two-headed ogres
  10 death yaks
  Urug (Lair:3)
  6 orc high priests
  Sonja (D:13)
  A fire crab (shapeshifter) (D:15)
  A sea snake (Lair:6)
  A lindwurm (Lair:5)
  9 orc knights
  A deep elf pyromancer (D:14)
  4 harpies
  2 ugly things
  4 cyclopes
  10 manticores
  An orc sorcerer (Orc:2)
  An ice statue (IceCv)
  A black mamba (Lair:2)
  7 elephants (Lair:6)
  2 merfolk sirens (Shoals:1)
  13 cane toads
  3 torpor snails
  An unseen horror (D:13)
  3 rime drakes
  2 efreet
  2 kobold demonologists
  An anaconda simulacrum (IceCv)
  3 ice devils
  11 komodo dragons
  4 trolls
  3 merfolk (Shoals:1)
  3 meliai (D:14)
  4 polar bears
  A wind drake (Shoals:1)
  4 slime creatures
  Prince Ribbit (D:8)
  4 hornets
  7 dream sheep
  30 blink frogs
  3 snapping turtles
  Sigmund (D:2)
  2 dire elephant simulacra (IceCv)
  12 wraiths
  54 yaks
  6 wyverns
  A water elemental (Shoals:1)
  A vampire (D:13)
  5 vampire mosquitoes
  6 fire bats (Volcano)
  5 basilisks
  A steam dragon (Lair:6)
  Menkaure (D:6)
  A death yak simulacrum (IceCv)
  6 wargs
  A harpy simulacrum (IceCv)
  9 water moccasins
  4 acid dragons
  Duvessa (D:6)
  An ice beast (D:6)
  4 black bears
  6 ogres
  31 orc warriors
  A black bear (shapeshifter) (D:14)
  3 necrophages
  4 boggarts (Lair:5)
  13 centaurs
  37 wolves
  4 kobold brigands
  9 bullfrogs
  6 gnoll sergeants
  2 two-headed ogre simulacra (IceCv)
  2 wyvern zombies (D:7)
  2 cane toad simulacra (IceCv)
  Dowan (D:6)
  A water moccasin skeleton (D:5)
  2 elephant simulacra (IceCv)
  5 wights (D:8)
  13 killer bees
  7 howler monkeys
  7 lava snakes (Volcano)
  2 bullfrog zombies
  A hound (D:5)
  8 centaur zombies
  16 jellies
  28 orc priests
  A centaur skeleton (D:7)
  2 gnoll shamans
  A bullfrog skeleton (D:5)
  3 iguanas
  Ijyb (D:3)
  10 orc wizards
  8 troll simulacra (IceCv)
  A polar bear simulacrum (IceCv)
  2 spriggan simulacra (IceCv)
  2 killer bee zombies
  2 wolf simulacra (IceCv)
  A howler monkey zombie (D:9)
  Robin (D:3)
  5 adders
  21 gnolls
  4 naga simulacra (IceCv)
  A shadow imp (D:3)
  8 white imps
  2 ufetubi (IceCv)
  A worm (D:2)
  63 orcs
  8 bats
  13 endoplasms
  6 giant cockroaches
  11 goblins
  11 hobgoblins
  24 kobolds
  2 quokkas
  6 ball pythons
  3 frilled lizards
  5 rats
777 creatures vanquished.

Vanquished Creatures (others)
  The ghost of 101zpm the Magician, a novice GnAE of Sif Muna (D:7)
  A gnoll (D:7)
  61 fungi
  118 plants
181 creatures vanquished.

Grand Total: 958 creatures vanquished

Notes
Turn   | Place    | Note
-------+----------+-------------------------------------------
     0 | D:1      | Kenran the Hill Orc Fighter began the quest for the Orb.
     0 | D:1      | Reached XP level 1. HP: 19/19 MP: 1/1
    23 | D:1      | Reached skill level 3 in Axes
    47 | D:1      | Reached XP level 2. HP: 26/26 MP: 2/2
   180 | D:1      | Reached skill level 4 in Axes
   252 | D:1      | Found a faded altar of an unknown god.
   497 | D:2      | Noticed Sigmund
   502 | D:2      | Killed Sigmund
   503 | D:2      | Reached skill level 6 in Axes
   503 | D:2      | Reached skill level 7 in Axes
   503 | D:2      | Reached XP level 3. HP: 18/31 MP: 3/3
   503 | D:2      | Reached XP level 4. HP: 23/39 MP: 4/4
   503 | D:2      | Reached XP level 5. HP: 26/45 MP: 5/5
   694 | D:2      | Found Oschoinih's Weapon Shop.
  1524 | D:3      | Found a broken altar of Ashenzari.
  1525 | D:3      | Noticed Ijyb
  1535 | D:3      | Killed Ijyb
  1536 | D:3      | Reached XP level 6. HP: 22/52 MP: 6/6
  1832 | D:3      | Noticed Robin
  2179 | D:3      | Killed Robin
  2445 | D:3      | Reached skill level 8 in Axes
  2680 | D:3      | Found a bloodstained altar of Trog.
  3234 | D:4      | Found a staircase to the Ecumenical Temple.
  3323 | Temple   | Entered the Ecumenical Temple
  3367 | Temple   | Became a worshipper of Warmaster Okawaru
  3651 | D:4      | Found a hazy altar of Hepliaklqana.
  3757 | D:5      | Entered Level 5 of the Dungeon
  3768 | D:5      | Reached XP level 7. HP: 57/60 MP: 7/7
  3865 | D:5      | Reached skill level 5 in Fighting
  3865 | D:5      | Reached skill level 9 in Axes
  4386 | D:6      | Noticed Duvessa
  4386 | D:6      | Noticed Dowan
  4613 | D:6      | Reached * piety under Okawaru
  4614 | D:6      | Reached skill level 10 in Axes
  4631 | D:6      | Reached XP level 8. HP: 38/71 MP: 8/8
  5020 | D:6      | Killed Duvessa
  5045 | D:6      | Killed Dowan
  5443 | D:6      | Noticed Menkaure
  5452 | D:6      | Killed Menkaure
  5818 | D:7      | Reached ** piety under Okawaru
  6167 | D:7      | Reached skill level 11 in Axes
  6373 | D:7      | Noticed Harold
  6398 | D:7      | Reached XP level 9. HP: 81/81 MP: 10/12
  6433 | D:7      | Reached skill level 12 in Axes
  6468 | D:7      | Killed Harold
  6468 | D:7      | Reached *** piety under Okawaru
  6469 | D:7      | Reached skill level 5 in Armour
  6800 | D:6      | Reached skill level 13 in Axes
  7153 | D:7      | Noticed 101zpm's ghost (novice GnAE)
  7167 | D:7      | Identified the +3 buckler of Ennui {Drain Will+ Regen+}
  7179 | D:7      | Found a transporter.
  7183 | D:7      | Found a transporter.
  7343 | D:7      | Found a basalt altar of Yredelemnul.
  7479 | D:7      | Reached skill level 1 in Evocations
  7491 | D:7      | Reached XP level 10. HP: 31/91 MP: 13/13
  7902 | D:8      | Reached **** piety under Okawaru
  7913 | D:8      | Reached skill level 5 in Invocations
  8145 | D:8      | Noticed Prince Ribbit
  8508 | D:8      | Found Xusmoh's Magic Scroll Shoppe.
  8514 | D:8      | Bought a scroll of blinking for 105 gold pieces
  8514 | D:8      | Bought a scroll of teleportation for 42 gold pieces
  8530 | D:8      | Killed Prince Ribbit
  8638 | D:8      | Found a shimmering blue altar of Sif Muna.
  8714 | D:8      | Paralysed by a hornet for 3 turns
  9686 | D:9      | Found a sparkling altar of Nemelex Xobeh.
  9909 | D:9      | Reached skill level 14 in Axes
 10144 | D:9      | Reached skill level 10 in Fighting
 10154 | D:9      | Reached ***** piety under Okawaru
 10161 | D:9      | Noticed a kobold demonologist
 10163 | D:9      | Noticed a rust devil
 10171 | D:9      | Killed a kobold demonologist
 10353 | D:9      | Noticed a white ugly thing
 10359 | D:9      | Found a staircase to the Lair.
 10903 | D:9      | Reached XP level 11. HP: 50/99 MP: 13/16
 11262 | D:9      | Found a glowing silver altar of Zin.
 11573 | D:9      | Killed a white ugly thing
 11574 | D:9      | Reached skill level 15 in Axes
 11854 | Lair:1   | Entered Level 1 of the Lair of Beasts
 11934 | Lair:1   | Reached skill level 1 in Dodging
 12113 | Lair:1   | You are sucked into a shaft and drop 1 floor!
 12305 | Lair:2   | Identified the +1 pair of gloves of the Frog {rF+ Dex+4}
                  | (Okawaru gifted it to you on level 2 of the Lair of Beasts)
 12305 | Lair:2   | Received a gift from Okawaru
 12609 | Lair:2   | Found a staircase to the Shoals.
 13435 | Lair:1   | Reached skill level 16 in Axes
 13616 | Lair:1   | Noticed a four-headed hydra
 13627 | Lair:1   | Killed a four-headed hydra
 13628 | Lair:1   | Reached XP level 12. HP: 59/110 MP: 16/19
 14922 | Lair:1   | Identified a scroll of acquirement
 14923 | Lair:1   | Acquired the ring "Fiskexa" {+Blink rC+ Int+6}
 15146 | Lair:2   | Reached skill level 5 in Evocations
 15473 | Lair:3   | Reached skill level 10 in Invocations
 15902 | Lair:3   | Identified the +0 chain mail "Daujyera" {Int+2}
 15910 | Lair:3   | Noticed Urug
 15914 | Lair:3   | Identified the +1 helmet of Past Mistakes {Fly rF+}
                  | (Okawaru gifted it to you on level 3 of the Lair of Beasts)
 15914 | Lair:3   | Received a gift from Okawaru
 15922 | Lair:3   | Killed Urug
 16169 | Lair:3   | Found a frozen archway.
 16194 | IceCv    | Entered an ice cave
 16715 | IceCv    | Reached skill level 10 in Armour
 17351 | IceCv    | Noticed a reaper
 17663 | Lair:3   | Reached XP level 13. HP: 115/122 MP: 20/20
 18353 | Lair:4   | Noticed Josephine
 18382 | Lair:3   | Reached skill level 5 in Shields
 18428 | Lair:3   | Killed Josephine
 19203 | Lair:4   | Found a staircase to the Snake Pit.
 19465 | Lair:4   | Received a gift from Okawaru
 20395 | Lair:4   | Found a staircase to the Snake Pit.
 21830 | Lair:5   | Identified the +11 whip "Jobyler" {speed, Int+4 SInv}
 22695 | D:7      | Killed 101zpm's ghost
 22696 | D:7      | Reached XP level 14. HP: 29/132 MP: 23/23
 22737 | D:7      | HP: 3/132 [gnoll sergeant/+0 vampiric trident (13)]
 23205 | D:7      | Identified the ring of Faosy {rElec rF++ Will- MP+9 Int+2}
 23423 | Lair:6   | Entered Level 6 of the Lair of Beasts
 23593 | Lair:6   | Found a staircase to the Slime Pits.
 23616 | Lair:6   | Reached skill level 5 in Dodging
 23701 | Lair:6   | Reached skill level 17 in Axes
 23720 | Lair:6   | Reached ****** piety under Okawaru
 23809 | Lair:6   | Identified the +9 battleaxe "Busmok" {freeze, *Slow Int+5}
                  | (Okawaru gifted it to you on level 6 of the Lair of Beasts)
 23809 | Lair:6   | Received a gift from Okawaru
 25357 | Lair:6   | Reached skill level 18 in Axes
 25375 | Lair:6   | Paralysed by a hornet for 2 turns
 25908 | Lair:6   | Identified the ring "Ibaril" {rN+ Str+3}
 25926 | Lair:6   | Identified the +7 arbalest of Ingu {vorpal, +Blink rPois
                  | Dex-3}
 26260 | Lair:6   | Received a gift from Okawaru
 26908 | D:10     | Entered Level 10 of the Dungeon
 26999 | D:10     | Reached skill level 19 in Axes
 27224 | D:10     | Found a staircase to the Orcish Mines.
 27284 | D:10     | Found Saxud's Demolitions Depot.
 27349 | D:10     | Found a shimmering altar of Xom.
 27457 | D:10     | Received a gift from Okawaru
 27485 | D:10     | Reached XP level 15. HP: 128/138 MP: 24/24
 27549 | D:10     | Found a glowing golden altar of the Shining One.
 27837 | Orc:1    | Entered Level 1 of the Orcish Mines
 27875 | Orc:1    | Noticed Erica
 27891 | Orc:1    | Killed Erica
 28110 | Orc:1    | Noticed an orc warlord
 28136 | Orc:1    | Reached skill level 20 in Axes
 28459 | Orc:1    | Killed an orc warlord
 28954 | Orc:2    | Entered Level 2 of the Orcish Mines
 28954 | Orc:2    | Noticed Jorgrun
 28955 | Orc:2    | Found Mimuxias's Self-Improvement Boutique.
 28966 | Orc:2    | Killed Jorgrun
 29219 | Orc:2    | Found a staircase to the Elven Halls.
 29316 | Orc:2    | Found a dark tunnel.
 29321 | Volcano  | Entered a volcano
 29782 | Volcano  | Found a burning altar of Makhleb.
 29808 | Volcano  | Found a bloodstained altar of Trog.
 30911 | Orc:2    | Found Gaaxt's Book Boutique.
 31177 | Orc:2    | Identified the +6 scale mail of Eternal Vigilance {Regen+}
                  | (Okawaru gifted it to you on level 2 of the Orcish Mines)
 31177 | Orc:2    | Received a gift from Okawaru
 31509 | Orc:2    | Found Hare's Magic Scroll Emporium.
 31509 | Orc:2    | Found Dofichob's General Store.
 31510 | Orc:2    | Found Ciantano's Weapon Emporium.
 31510 | Orc:2    | Found Jagoef's Armour Shoppe.
 31517 | Orc:2    | Bought a scroll of blinking for 120 gold pieces
 31517 | Orc:2    | Bought a scroll of identify for 32 gold pieces
 32634 | D:12     | Noticed Snorg
 32639 | D:12     | Killed Snorg
 32707 | D:12     | You are sucked into a shaft and drop 1 floor!
 32801 | D:13     | Reached skill level 15 in Fighting
 33379 | D:13     | Noticed Sonja
 33387 | D:13     | Killed Sonja
 33698 | D:13     | Found a gate to the Vaults.
 33742 | D:13     | Reached XP level 16. HP: 89/151 MP: 25/25
 34067 | D:13     | Reached skill level 21 in Axes
 35128 | D:14     | Identified the +13 crystal plate armour of the Other Side
                  | {rN+ Will- Stlth+} (Okawaru gifted it to you on level 14 of
                  | the Dungeon)
 35128 | D:14     | Received a gift from Okawaru
 35889 | D:14     | Found a broken altar of Ashenzari.
 36414 | D:15     | Entered Level 15 of the Dungeon
 36533 | D:15     | Found the +5 demon whip "Spellbinder" {antimagic, Will+}
 36552 | D:15     | Found a staircase to the Depths.
 36780 | D:15     | Found Narchufu's Weapon Shoppe.
 37288 | Shoals:1 | Entered Level 1 of the Shoals
 37467 | Shoals:1 | Noticed Roxanne
 37492 | Shoals:1 | Reached skill level 15 in Armour
 37511 | Shoals:1 | Slain by a merfolk impaler

Illustrated notes

Levels and vault maps discovered:
D:1:      amcnicky_arrival_double_pillar, layout_rooms,
          hellmonk_ecumenical_altar_blasted, minmay_tromino_v4_a
D:2:      layout_loops_corners, serial_shops, shop, serial_bayou,
          serial_bayou_pond_a, serial_bayou_lake_a, serial_bayou_lagoon_a,
          serial_bayou_pond_a, serial_bayou_pond_b, serial_bayou_pond_a,
          uniq_sigmund
D:3:      layout_basic, trog_butcher_becter,
          mainiacjoe_overflow_six_doors_small, uniq_robin, uniq_ijyb
D:4:      layout_basic, worldfamousw_hep_ancestral_shrine,
          minmay_temple_entry_junction
D:5:      layout_loops_ring
D:6:      layout_rooms, corexii_checkpoint_a, minmay_fountain_box, uniq_duvessa,
          uniq_menkaure
D:7:      layout_loops_ring, nicolae_yredelemnul_corpse_copse, enter_bailey_3,
          gammafunk_ghost_gnarly_gnolls, minivault_24, uniq_harold
D:8:      layout_loops_ring, kennysheep_mini_moat, serial_shops,
          nicolae_shop_trees, uniq_prince_ribbit1
D:9:      layout_stronghold, mainiacjoe_overflow_paths,
          nemelex_spade_bored_becter, erik_lair_orcish_takeover,
          minmay_fractal_squares_gapless_7
D:10:     layout_roguey, tso_metal_star, dk_xom_monty_hall, orc_0_dummy,
          roderic_roman_lattice, nicolae_blasting_shop, minmay_quadrilaterals
D:11:     layout_irregular_city
D:12:     layout_grid_maze, uniq_snorg
D:13:     layout_gridville, erik_vaults_2, uniq_sonja
D:14:     layout_basic, cheibrodos_ashenzari_chains
D:15:     hangedman_depths_entry_try_elsewhere_first, layout_rooms,
          serial_shops, nicolae_shop_crystal
Temple:   cyrus_circular_temple
Lair:1:   layout_loops_ring
Lair:2:   layout_loops_ring, shoals_dummy_entry, serial_bayou_lagoon_b
Lair:3:   layout_roguey, portal_ice_cave_demonic_guard, uniq_urug
Lair:4:   layout_long_grid, dummy_snake_entry, grunt_megastairs_3,
          uniq_josephine
Lair:5:   layout_gridlike, kilobyte_rumbling_trees, infiniplex_staircase_pool
Lair:6:   gammafunk_lair_ancient_temple, layout_cave_pods,
          minmay_slime_entry_jelly_boxes
Shoals:1: layout_shoals, uniq_roxanne
Orc:1:    layout_caves, uniq_erica
Orc:2:    st_orc_pillars, layout_caves, enter_volcano_4, serial_shops, shop,
          nicolae_shop_self_help, uniq_jorgrun

Skill      XL: |  1  2  3  4  5  6  7  8  9 10 11 12 13 14 15 16 |
---------------+-------------------------------------------------+-----
Axes           | 3 7 8 10 11 13 14 16 19 20 21 | 21.1
Fighting       | 4 6 8 9 10 11 13 14 16 | 16.0
Armour         | 4 5 8 10 12 15 | 15.0
Invocations    | 4 7 9 10 13 | 13.3
Evocations     | 1 3 5 8 |  8.0
Dodging        | 3 4 8 9 |  9.5
Shields        | 4 5 |  5.0

Action                   |  1- 3 |  4- 6 |  7- 9 | 10-12 | 13-15 | 16-18 || total
-------------------------+-------+-------+-------+-------+-------+-------++-------
Melee: War axe           |    39 |   183 |   252 |   742 |   368 |       ||  1584
       Flail             |       |       |       |     8 |       |       ||     8
       Eveningstar       |       |       |       |       |    50 |       ||    50
       Whip              |       |       |       |       |    71 |    11 ||    82
       Executioner's axe |       |       |       |       |   673 |   174 ||   847
       Punch             |       |       |       |       |     1 |       ||     1
Throw: Throwing net      |       |       |       |       |     1 |       ||     1
Invok: Heroism           |       |       |     4 |    13 |    17 |       ||    34
       Finesse           |       |       |       |     3 |     1 |       ||     4
Evoke: Wand              |       |       |     3 |     9 |     5 |       ||    17
  Use: Potion            |     1 |       |     1 |     4 |     3 |     5 ||    14
       Scroll            |       |     5 |     5 |    10 |     7 |     1 ||    28
 Stab: Paralysed         |       |       |     8 |    10 |     1 |       ||    19
       Distracted        |       |       |       |     1 |       |       ||     1
Armor: Scale mail        |    21 |    55 |   102 |       |       |       ||   178
       Skin              |       |       |     1 |       |       |     7 ||     8
       Chain mail        |       |       |    25 |   362 |   336 |       ||   723
       Plate armour      |       |       |       |       |   162 |    41 ||   203
       Crystal plate arm |       |       |       |       |       |   162 ||   162
Dodge: Dodged            |    14 |    65 |   127 |   304 |   538 |   124 ||  1172
Block: Buckler           |    11 |    30 |    54 |   173 |    99 |       ||   367
